 Dungeon Crawl Stone Soup version 0.17-a0-1979-g1c74939 (webtiles) character file.

282 Hedron the Chiller (level 6, 0/41 HPs)
             Began as a Merfolk Ice Elementalist on Oct 5, 2015.
             Killed from afar by a goblin (17 damage)
             ... with a wand of cold
             ... led by Robin
             ... on level 3 of the Dungeon.
             The game lasted 00:13:34 (2367 turns).

Hedron the Chiller (Merfolk Ice Elementalist)       Turns: 2367, Time: 00:13:34

Health: 0/41       AC:  3    Str:  8    XL:     6   Next: 28%
Magic:  11/11      EV: 13    Int: 16    God:
Gold:   125        SH:  0    Dex: 15    Spells: 4 memorised, 2 levels left

rFire  . . .     SeeInvis .     f - +2 dagger (venom)
rCold  . . .     Clarity  .     a - +0 robe
rNeg   + . .     SustAt   .     (no shield)
rPois  .         Gourm    .     (no helmet)
rElec  .         Spirit   .     (no cloak)
rCorr  .         Warding  .     (no gloves)
rMut   .         Stasis   .     l - +0 pair of boots
MR     .....                    k - amulet of rage
Stlth  ++........               (no ring)
                                j - ring of positive energy

@: lethally poisoned (0 -> -3), not resistant to hostile enchantments,
unstealthy
A: change form in water, swift swim
a: Evoke Berserk Rage


You were on level 3 of the Dungeon.
You were not hungry.

You visited 1 branch of the dungeon, and saw 3 of its levels.

You collected 125 gold pieces.

Inventory:

Hand Weapons
 f - a +2 dagger of venom (weapon)
 t - a +0 trident
Armour
 a - a +0 robe (worn)
 l - a +0 pair of boots (worn)
Jewellery
 j - a ring of positive energy (left hand)
 k - an amulet of rage (around neck)
Scrolls
 e - 2 scrolls of remove curse
 g - 2 scrolls of teleportation
 o - a scroll of amnesia {unknown}
 u - 2 scrolls of recharging {unknown}
Potions
 d - 2 potions of heal wounds
 m - a potion of resistance
 p - a potion of might
 r - a potion of ambrosia {unknown}
 s - a potion of cancellation {unknown}
Books
 b - a book of Frost

   Spells                             Type                      Level
   a - Freeze                         Ice                          1
   b - Throw Frost                    Conjuration/Ice              2
   c - Ozocubu's Armour               Charms/Ice                   3
   d - Throw Icicle                   Conjuration/Ice              4
   e - Summon Ice Beast               Ice/Summoning                4
   f - Condensation Shield            Ice                          4
Comestibles
 c - 2 bread rations
 h - 2 meat rations
 i - a slice of pizza
 n - 2 chunks of flesh


   Skills:
 - Level 2.6 Dodging
 - Level 2.1 Stealth
 * Level 3.8 Spellcasting
 + Level 1.6 Conjurations
 + Level 1.9 Charms
 * Level 5.4 Ice Magic


You had 2 spell levels left.
You knew the following spells:

 Your Spells              Type           Power        Failure   Level  Hunger
a - Freeze                Ice            ###.         1%          1    None
b - Throw Frost           Conj/Ice       ##....       8%          2    ##.....
c - Ozocubu's Armour      Chrm/Ice       ##......     12%         3    ###....
d - Throw Icicle          Conj/Ice       ##......     38%         4    ####...


Dungeon Overview and Level Annotations

Branches:
Dungeon (3/15)

Altars:

Annotations:
D:3 Robin


Message History

You feel sick.
Robin roars a battlecry!
The goblins go into a battle-frenzy!
The bat hits you. Robin throws the goblin at you!
An orc comes into view. It is wielding a short sword.
You feel sick.
The orc shouts!
The bat closely misses you.
The goblin zaps a wand.
The bolt of cold misses you.
It is a wand of cold.
The bat misses you.
You feel sick. The bat closely misses you. The bat misses you.
The goblin zaps a wand.
The bolt of cold hits the bat.
The bat dies!
The bolt of cold hits you!
An orc wizard comes into view. It is wielding a dagger.
The orc throws a stone.
The stone closely misses you.
The goblin zaps a wand.
The bolt of cold hits the goblin.
The goblin dies!
The bolt of cold hits you!
You die...

........#........#
######....[##....#
#.########.#####....#
..o.......[..........#
......................#
.......................#
......o........)......###
.....(................##
..............@........#
........g.......(.....).#
.............)..........#
...........gg...........#
...............>........#
.........gg.............#
........gg..............#
....................)...# ###
........................#....


You could see an orc wizard (wandering), an orc, 2 hobgoblins and 5 goblins.

Vanquished Creatures
  Sigmund (D:3)
  Jessica (D:2)
  Terence (D:3)
  An adder (D:2)
  A worm (D:3)
  A giant gecko (D:2)
  3 giant cockroaches
  8 hobgoblins
  5 jackals
  3 kobolds
  4 quokkas (D:2)
  13 bats
  2 giant newts (D:1)
  7 goblins
  9 rats
60 creatures vanquished.

Vanquished Creatures (others)
  A bat (D:3)
  A goblin (D:3)
2 creatures vanquished.

Grand Total: 62 creatures vanquished

Notes
Turn   | Place    | Note
--------------------------------------------------------------
     0 | D:1      | Hedron the Merfolk Ice Elementalist began the quest for the Orb.
     0 | D:1      | Reached XP level 1. HP: 13/13 MP: 3/3
   239 | D:1      | Reached XP level 2. HP: 19/19 MP: 0/5
   299 | D:1      | Learned a level 2 spell: Throw Frost
   811 | D:1      | Reached skill level 4 in Ice Magic
   829 | D:1      | Reached XP level 3. HP: 24/24 MP: 3/6
   999 | D:1      | Learned a level 3 spell: Ozocubu's Armour
  1013 | D:2      | Noticed Jessica
  1036 | D:2      | Killed Jessica
  1036 | D:2      | Reached skill level 1 in Conjurations
  1115 | D:2      | Reached XP level 4. HP: 23/30 MP: 1/8
  1368 | D:2      | Reached skill level 1 in Charms
  1906 | D:3      | Found a faded altar to an unknown god.
  1909 | D:3      | Noticed Terence
  1921 | D:3      | Killed Terence
  1921 | D:3      | Reached XP level 5. HP: 33/35 MP: 0/9
  2032 | D:3      | Noticed Sigmund
  2089 | D:3      | Killed Sigmund
  2089 | D:3      | Reached skill level 5 in Ice Magic
  2089 | D:3      | Reached XP level 6. HP: 15/41 MP: 0/11
  2334 | D:3      | Learned a level 4 spell: Throw Icicle
  2357 | D:3      | Noticed Robin
  2367 | D:3      | Killed from afar by a goblin

Vault maps used:
D:1:      dpeg_chamrin_arrival_tetris
D:2:      uniq_jessica
D:3:      nicolae_overflow_crystal_walls, ecumenical_altar_1, uniq_terence,
          uniq_sigmund, uniq_robin

Action                   |  1- 3 |  4- 6 || total
-------------------------+-------+-------++-------
Melee: Mace              |     4 |       ||     4
       Dagger            |     2 |    21 ||    23
 Cast: Freeze            |    40 |    43 ||    83
       Throw Frost       |     3 |     2 ||     5
       Ozocubu's Armour  |       |     2 ||     2
  Use: Scroll            |     9 |     2 ||    11
       Potion            |       |     1 ||     1
 Stab: Sleeping          |     2 |     3 ||     5
  Eat: Chunk             |     1 |     5 ||     6
